 Dungeon Crawl Stone Soup version 0.30.0-5-g1a98f26d00 (webtiles) character file.

Game seed: 1395771519745759698

62 melkoren the Ducker (level 3, 0/28 HPs)
             Began as a Demonspawn Gladiator on May 11, 2023.
             Slain by a gnoll bouda
             ... wielding a +0 club
              (4 damage)
             ... on level 3 of the Dungeon.
             The game lasted 00:04:32 (1383 turns).

melkoren the Ducker (Demonspawn Gladiator)          Turns: 1383, Time: 00:04:33

Health: 0/28       AC:  5    Str: 12 (14) XL:     3   Next: 85%
Magic:  3/3        EV: 12    Int:  7 (9)  God:
Gold:   199        SH:  0    Dex: 15 (16) Spells: 2/2 levels left

rFire   . . .        a - +1 war axe
rCold   . . .        (no shield)
rNeg    . . .        b - +0 leather armour
rPois   .            c - +1 helmet
rElec   .            (no cloak)
rCorr   .            (no gloves)
SInv    .            (no boots)
Will    .....        (no amulet)
Stlth   +            (no ring)
HPRegen 0.24/turn    (no ring)
MPRegen 0.08/turn

%: no passive effects
@: mighty, weakened
A: foul stench 1
a: no special abilities


You were on level 3 of the Dungeon.
You visited 1 branch of the dungeon, and saw 3 of its levels.

You collected 199 gold pieces.

Inventory:

Hand Weapons
 a - a +1 war axe (weapon)
Missiles
 d - 3 throwing nets (quivered)
 e - a javelin
Armour
 b - a +0 leather armour (worn)
 c - a +1 helmet (worn)
Potions
 i - a potion of mutation
 l - 3 potions of curing


   Skills:
 + Level 2.7 Fighting
 - Level 2.8(3.0) Axes
 + Level 1.1(2.1) Polearms
 - Level 1.7 Throwing
 + Level 1.3 Armour
 + Level 3.2 Dodging


You had 2 spell levels left.
You didn't know any spells.
Your spell library was empty.

Dungeon Overview and Level Annotations

Branches:
Dungeon (3/15)

Altars:

Shops:
D:1 (?(**


Innate Abilities, Weirdness & Mutations

You may rarely emit foul miasma when damaged in melee.


Message History

A gnoll comes into view. It is wielding a +0 club.
A gnoll comes into view. It is wielding a +0 flail.
You barely miss the gnoll.
The gnoll shouts!
You hear a shout!
The gnoll hits you but does no damage.
You hit the gnoll but do no damage.
The gnoll bouda gazes fiercely through you!
You feel as though you will be weak longer.
The gnoll hits you with a +0 whip.
A giant cockroach comes into view.
You barely miss the gnoll.
A gnoll comes into view. It is wielding a +0 halberd.
You hit the gnoll bouda.
The gnoll bouda is lightly wounded.
The gnoll bouda misses you.
You closely miss the gnoll bouda.
The gnoll bouda is lightly wounded.
The gnoll bouda hits you with a +0 club!
A gnoll comes into view. It is wielding a +0 whip.
You hit the gnoll bouda.
The gnoll bouda is moderately wounded.
The gnoll bouda hits you with a +0 club.
The gnoll bouda hits you with a +0 club!
* * * LOW HITPOINT WARNING * * *
You are too injured to fight recklessly!
As you read the scroll of fog, it crumbles to dust.
The scroll dissolves into smoke.
The gnoll bouda barks out a call to the hunt!
The gnoll picks up the pace!
You hear a shout!
You feel very mighty all of a sudden. The gnoll bouda closely misses you.
Your attacks no longer feel as feeble.
The gnoll bouda gazes fiercely through you!
You feel your attacks grow feeble.
There is a stone staircase leading up here.
The gnoll bouda gazes fiercely through you!
You feel as though you will be weak longer.
The gnoll bouda hits you with a +0 club.
You die...

#§# #g# #§# #§# #
#g# #. #§# ###.####
#g#
.......##########g#
#...........@.#
##<############ #.#
#.# #.# ..# ###


You could see a gnoll bouda and a gnoll (swift).

Vanquished Creatures
  Terence (D:2)
  2 ball pythons (D:1)
  3 endoplasms (D:2)
  2 giant cockroaches (D:1)
  4 goblins
  3 hobgoblins
  2 jackals (D:1)
  3 quokkas (D:2)
  A bat (D:2)
  2 frilled lizards (D:2)
  5 kobolds
  3 rats
31 creatures vanquished.

Notes
Turn   | Place    | Note
-------+----------+-------------------------------------------
     0 | D:1      | melkoren the Demonspawn Gladiator began the quest for the
                  | Orb.
     0 | D:1      | Reached XP level 1. HP: 16/16 MP: 1/1
   113 | D:1      | Found Fetutocy's General Store.
   193 | D:1      | Gained mutation: You may rarely emit foul miasma when
                  | damaged in melee. [demonic ancestry]
   193 | D:1      | Reached XP level 2. HP: 22/22 MP: 2/2
   259 | D:1      | Found Xaor's General Store.
   294 | D:1      | Found Merampom's Weapon Emporium.
   318 | D:1      | Found Vyedok's Antique Weapon Emporium.
   416 | D:1      | Found Zeineepn's Magic Scroll Shop.
   803 | D:2      | Reached skill level 3 in Dodging
   818 | D:2      | Reached skill level 1 in Armour
   956 | D:2      | Noticed Terence
   962 | D:2      | Reached XP level 3. HP: 24/28 MP: 3/3
   963 | D:2      | Killed Terence
   964 | D:2      | Reached skill level 1 in Polearms
  1383 | D:3      | Slain by a gnoll bouda

Illustrated notes

Levels and vault maps discovered:
D:1:      heliophobic_arrival_dark_side_of_the_moon, layout_loops_ring,
          serial_shops, shop, shop, shop, shop, shop_statue
D:2:      layout_basic, uniq_terence
D:3:      layout_loops_ring, mainiacjoe_overflow_concentric_impassable

Skill      XL: |  1  2  3 |
---------------+----------+-----
Dodging        | 3 |  3.2
Armour         | 1 |  1.3
Polearms       | 1 |  1.1
Fighting       | |  2.7
Axes           | |  2.8
Throwing       | |  1.7

Action                     || total
---------------------------++-------
  Melee: War axe           ||    69
         Punch             ||     1
    Use: Scroll            ||     8
         Potion            ||     3
 Armour: Leather armour    ||    24
  Dodge: Dodged            ||    42
